Map: Invader LE

Players

lllllllll (Probe) - Winner!

  • Race: Protoss Protoss
  • League: Master
  • Spawn Location: 7:00

IIIIIIIIIIII

  • Race: Zerg Zerg
  • League: Master
  • Spawn Location: 5:00

VOD

Have the link to the VOD?

Description

Time

  • Played on: April 16, 2016, 7:35 a.m.
  • Length: 15:15
Show
View Real Time Build Order
Export as new Build Order

lllllllll Protoss - Winner!

Build Orders: 1 Gate Expand, Mass Adepts 

Get SALT Encoding   

  12  0:01  Probe (Chrono Boost)  
  13  0:11  Probe (Chrono Boost)  
  14  0:20  Pylon  
  14  0:22  Probe (Chrono Boost)  
  15  0:38  Probe (Chrono Boost)  
  15  0:39  Gateway  
  16  0:44  Assimilator  
  16  0:49  Probe (Chrono Boost)  
  17  0:59  Probe (Chrono Boost)  
  18  1:10  Probe (Chrono Boost)  
  19  1:22  Nexus  
  19  1:24  Probe (Chrono Boost)  
  20  1:33  Cybernetics Core  
  20  1:36  Probe (Chrono Boost)  
  21  1:42  Assimilator  
  21  1:46  Probe (Chrono Boost)  
  22  1:50  Pylon  
  22  1:57  Probe (Chrono Boost)  
  24  2:08  Probe (Chrono Boost)  
  24  2:10  Stalker (Chrono Boost)  
  24  2:11  Warp Gate  
  26  2:20  Probe  
  27  2:30  Twilight Council  
  27  2:32  Probe (Chrono Boost)  
  28  2:38  Probe (Chrono Boost)  
  28  2:43  Probe (Chrono Boost)  
  30  2:44  Adept  
  30  2:48  Probe (Chrono Boost)  
  33  2:53  Probe (Chrono Boost)  
  34  2:59  Probe (Chrono Boost)  
  34  3:05  Gateway  
  35  3:06  Gateway  
  35  3:08  Resonating Glaives (Chrono Boost)  
  35  3:10  Probe  
  35  3:12  Probe  
  36  3:17  Adept  
  38  3:24  Probe  
  38  3:25  Probe  
  40  3:34  Mothership Core  
  40  3:38  Probe, Pylon  
  43  3:44  Adept  
  45  3:50  Probe  
  45  3:55  Probe, Gateway  
  46  3:56  Gateway  
  46  4:00  Pylon  
  46  4:02  Probe  
  48  4:05  Probe  
  49  4:14  Probe  
  49  4:16  Probe  
  50  4:17  Pylon  
  50  4:20  Adept x2  
  50  4:23  Assimilator  
  55  4:25  Pylon  
  55  4:26  Assimilator, Probe  
  55  4:28  Adept  
  55  4:30  Probe  
  58  4:31  Blink (Chrono Boost)  
  58  4:38  Probe  
  60  4:42  Probe, Forge  
  61  4:52  Adept x2  
  65  4:53  Adept  
  65  4:56  Adept  
  69  5:05  Sentry  
  71  5:15  Nexus  
  71  5:18  Protoss Ground Weapons Level 1 (Chrono Boost), Pylon  
  71  5:28  Sentry x2  
  75  5:29  Sentry, Pylon  
  75  5:30  Probe  
  75  5:34  Pylon  
  78  5:36  Probe  
  78  5:42  Probe  
  80  5:48  Probe  
  81  5:54  Probe  
  82  5:59  Adept x4  
  82  6:00  Adept  
  92  6:11  Probe  
  91  6:12  Probe (Chrono Boost)  
  90  6:20  Adept  
  90  6:21  Adept x4  
  90  6:25  Probe x2 (Chrono Boost)  
  86  6:32  Robotics Facility  
  86  6:37  Probe x2 (Chrono Boost), Gateway  
  86  6:38  Probe (Chrono Boost)  
  89  6:40  Gateway  
  89  6:41  Sentry x3  
  95  6:48  Probe x2 (Chrono Boost)  
  97  7:00  Stalker  
  97  7:01  Stalker  
  101  7:05  Probe x2 (Chrono Boost)  
  101  7:07  Pylon  
  103  7:09  Stalker  
  103  7:10  Stalker x2  
  109  7:18  Pylon  
  109  7:21  Pylon  
  109  7:22  Pylon  
  109  7:23  Pylon  
  109  7:27  Stalker x2  
  109  7:28  Observer  
  114  7:42  Stalker x3  
  120  7:47  Probe (Chrono Boost)  
  110  8:01  Warp Prism (Chrono Boost), Stalker x4  
  112  8:07  Probe x2 (Chrono Boost)  
  112  8:08  Probe (Chrono Boost), Protoss Ground Weapons Level 2  
  112  8:11  Adept  
  112  8:12  Adept x2  
  117  8:18  Probe (Chrono Boost)  
  118  8:21  Assimilator x2  
  118  8:22  Nexus  
  118  8:24  Adept, Pylon  
  120  8:29  Adept x2  
  124  8:39  Immortal (Chrono Boost)  
  128  8:42  Robotics Facility  
  128  9:07  Stalker x7  
  142  9:15  Immortal (Chrono Boost)  
  146  9:34  Stalker  
  146  9:40  Adept x5  
  146  9:42  Charge  
  160  9:49  Immortal (Chrono Boost)  
  160  9:50  Adept  
  162  9:56  Immortal (Chrono Boost)  
  166  10:05  Adept  
  166  10:06  Adept x3  
  130  10:23  Immortal (Chrono Boost)  
  128  10:30  Probe x2  
  128  10:31  Probe, Templar Archives  
  128  10:32  Probe  
  132  10:38  Protoss Ground Weapons Level 3  
  132  10:41  Zealot x7  
  146  10:45  Immortal (Chrono Boost)  
  146  10:48  Probe  
  146  10:49  Probe  
  152  10:50  Probe  
  152  10:54  Assimilator  
  153  10:57  Assimilator  
  153  11:01  Photon Cannon  
  153  11:03  Observer (Chrono Boost)  
  150  11:05  Sentry  
  150  11:08  Stalker x4  
  160  11:20  Stalker x2  
  164  11:28  Immortal x2 (Chrono Boost)  
  172  11:37  Adept x4  
  175  11:53  Zealot x3  
  170  12:05  High Templar x4  
  168  12:12  Archon  
  168  12:13  Archon  
  168  12:15  Adept x3  
  164  12:33  Gateway  
  164  12:34  Gateway  
  164  12:39  Adept x4, Gateway  
  164  12:44  Pylon  
  132  13:13  Immortal (Chrono Boost)  
  114  13:22  Zealot x6  
  124  13:32  High Templar x3  
  130  13:36  Archon  
  130  13:39  Pylon  
  130  13:43  High Templar x3  
  130  13:48  Immortal (Chrono Boost)  
  140  13:50  Archon  
  140  13:51  Zealot x2, Archon  
  140  13:52  Zealot x2  
  148  13:59  Nexus  
  148  14:00  Pylon  
  152  14:11  Zealot  
  152  14:12  Zealot x5  
  152  14:16  Adept  
  166  14:17  Adept  
  159  14:33  Stalker  
  159  14:34  Stalker x2  
  159  14:37  Stalker  
  159  14:38  Stalker  
  142  14:46  Stalker  
  142  14:47  Stalker  
  124  14:55  Stalker  
Show
View Real Time Build Order
Export as new Build Order

IIIIIIIIIIII Zerg 

Build Orders: Hatch First 

Get SALT Encoding   

  12  0:01  Drone  
  13  0:09  Drone  
  14  0:17  Overlord  
  14  0:24  Drone, Extractor  
  14  0:30  Drone, Extractor  
  17  0:35  Drone  
  17  0:45  Drone  
  18  0:57  Hatchery  
  18  1:00  Drone  
  18  1:05  Drone  
  19  1:17  Spawning Pool  
  18  1:20  Drone  
  19  1:27  Drone, Extractor  
  19  1:38  Drone  
  20  1:51  Drone  
  21  1:59  Hatchery  
  20  2:03  Queen  
  20  2:05  Extractor  
  20  2:06  Zergling x2  
  23  2:09  Drone  
  23  2:12  Drone  
  25  2:20  Drone x2  
  27  2:30  Queen  
  27  2:31  Extractor  
  27  2:33  Metabolic Boost  
  29  2:39  Overlord  
  29  2:57  Drone x5  
  34  2:59  Queen  
  36  3:05  Overlord  
  36  3:13  Drone x4  
  36  3:16  Drone  
  41  3:23  Queen  
  41  3:25  Drone  
  41  3:26  Drone  
  45  3:32  Extractor, Baneling Nest  
  43  3:40  Drone  
  44  3:42  Drone x4  
  44  3:45  Spore Crawler  
  44  3:48  Drone  
  48  3:49  Spore Crawler  
  48  3:52  Drone x2  
  49  3:55  Overlord  
  49  4:02  Evolution Chamber  
  48  4:03  Queen  
  50  4:14  Drone x2  
  50  4:15  Drone x4  
  50  4:16  Zergling x2  
  57  4:18  Zergling x2  
  57  4:23  Lair  
  58  4:27  Zerg Melee Weapons Level 1  
  58  4:28  Extractor  
  57  4:34  Spore Crawler, Drone, Overlord  
  57  4:37  Overlord  
  57  4:44  Drone  
  58  4:51  Overlord  
  58  4:53  Overlord  
  58  4:54  Drone x2  
  58  4:55  Drone x2  
  58  4:56  Drone x4  
  66  5:11  Drone x8  
  72  5:22  Zergling x8  
  72  5:25  Zergling x8  
  79  5:31  Spine Crawler  
  79  5:34  Zergling x2  
  79  5:35  Zergling x4  
  81  5:36  Centrifical Hooks  
  81  5:38  Infestation Pit  
  80  5:42  Baneling  
  80  5:43  Baneling x5  
  80  5:45  Baneling x2  
  80  5:49  Zergling x2  
  81  5:50  Zergling x16  
  81  5:54  Baneling  
  81  5:55  Baneling  
  87  6:00  Zergling x8  
  76  6:23  Drone x7  
  78  6:27  Hatchery  
  78  6:30  Zerg Melee Weapons Level 2, Hive  
  77  6:34  Evolution Chamber  
  77  6:39  Drone  
  80  6:40  Drone x3  
  80  6:43  Extractor  
  80  6:44  Overlord  
  80  6:45  Extractor  
  73  6:54  Zergling x4  
  73  6:57  Zergling x8  
  73  6:59  Zergling x6  
  80  7:03  Baneling  
  80  7:04  Baneling x6  
  80  7:13  Zergling x8  
  84  7:17  Zergling x2  
  84  7:20  Zergling x8  
  89  7:33  Zerg Ground Armor Level 1  
  84  7:41  Zergling x2  
  84  7:42  Zergling x12  
  73  8:04  Zergling x24  
  73  8:05  Ultralisk Cavern  
  80  8:07  Queen  
  80  8:08  Drone x3  
  80  8:09  Drone x2  
  86  8:20  Drone x4  
  90  8:29  Overlord  
  90  8:35  Overlord x5  
  86  8:42  Zergling x12  
  86  8:43  Baneling x7  
  86  8:44  Baneling x12  
  86  8:45  Baneling x2  
  86  8:46  Baneling  
  86  8:47  Baneling  
  92  8:54  Zergling x12  
  98  9:02  Zergling x14  
  105  9:10  Ultralisk  
  111  9:18  Ultralisk  
  115  9:27  Baneling, Zergling x2  
  115  9:28  Zergling x18  
  119  9:39  Zergling x10  
  119  9:40  Zergling x12  
  128  9:48  Zergling x12  
  132  9:56  Baneling  
  107  10:08  Zergling x12  
  107  10:09  Zergling x8  
  109  10:18  Zergling x14  
  110  10:27  Zergling x12  
  110  10:37  Hatchery  
  110  10:41  Adrenal Glands  
  109  10:46  Chitinous Plating  
  109  11:00  Ultralisk  
  111  11:20  Zergling x10  
  111  11:21  Zergling x20  
  105  11:44  Zergling x14  
  105  11:45  Zergling x6  
  111  12:00  Spire  
  104  12:04  Zergling x2  
  104  12:05  Zergling x12  
  106  12:11  Extractor  
  102  12:21  Ultralisk x3  
  114  12:41  Zergling x2  
  114  12:42  Zergling x16  
  114  12:43  Baneling x2  
  114  12:44  Baneling x8  
  123  12:56  Baneling  
  94  13:18  Zergling x18  
  91  13:26  Mutalisk x5  
  91  13:27  Mutalisk x4  
  92  13:33  Ultralisk  
  114  13:49  Drone x5  
  114  13:50  Drone  
  114  13:55  Hatchery  
  119  14:07  Ultralisk  
  125  14:10  Ultralisk  
  131  14:18  Spore Crawler  
  131  14:20  Drone, Spine Crawler  
  131  14:21  Drone x3  
  103  14:56  Zergling x2  
  103  14:57  Zergling x24  
Tags
 
Add a new tag
Caveats
  • Supply blocks, unpowered buildings, or Contaminate may cause inaccurate times.
  • Supply counts are checked every 10 seconds.